 Dungeon Crawl Stone Soup version 0.28.0-43-g3370ac3207 (webtiles) character file.

Game seed: 3703175390034991138

84 lonewolfV2 the Conjurer (level 4, -3/18 HPs)
             Began as a Felid Conjurer on Feb 28, 2022.
             Slain by Natasha (6 damage)
             ... on level 3 of the Dungeon.
             The game lasted 00:13:30 (3608 turns).

lonewolfV2 the Conjurer (Felid Conjurer)            Turns: 3608, Time: 00:13:31

Health: -3/18      AC:  1    Str:  3    XL:     4   Next: 23%
Magic:  6/9        EV: 17    Int: 21    God:
Gold:   67         SH:  0    Dex: 14    Spells: 7/8 levels left
                                        Lives:  0   Deaths: 1

rFire   . . .      SeeInvis +     - Unarmed
rCold   . . .      Faith    .   (shield unavailable)
rNeg    . . .      Spirit   .   (armour unavailable)
rPois   .          Reflect  .   (helmet unavailable)
rElec   .          Harm     .   (cloak unavailable)
rCorr   .          Rampage  .   (gloves unavailable)
Will    .....                   (boots unavailable)
Stlth   ++........              (no amulet)
HPRegen 0.06/turn               (no ring)
MPRegen 0.11/turn               (no ring)

@: slowed, slow
A: very small, claws 1, fangs 3, see invisible, speed 1, shaggy fur 1, stealthy
paws, no weapons or thrown items, no armour, multi-lived
a: no special abilities


You were on level 3 of the Dungeon.
You visited 1 branch of the dungeon, and saw 3 of its levels.

You collected 67 gold pieces.

Inventory:

Scrolls
 a - a scroll of teleportation {unknown}
Potions
 b - a potion of degeneration
 c - a potion of might {unknown}
 d - a potion of curing {unknown}
 e - 2 potions of berserk rage {unknown}
 f - a potion of haste {unknown}


   Skills:
 + Level 3.3 Dodging
 + Level 3.4 Stealth
 + Level 1.0 Unarmed Combat
 + Level 2.8 Spellcasting
 + Level 4.7 Conjurations


You had 7 spell levels left.
You knew the following spells:

 Your Spells              Type           Power      Damage    Failure   Level
a - Magic Dart            Conj           92%        1d7       1%          1

Your spell library contained the following spells:

 Spells                   Type           Power      Damage    Failure   Level
 Searing Ray              Conj           46%        2d6       3%          2
 Dazzling Flash           Conj/Hex       24%        N/A       16%         3
 Ozocubu's Armour         Ice            2%         N/A       38%         3
 Fulminant Prism          Conj/Hex       6%         3d7       45%         4
 Iskenderun's Mystic Bla  Conj/Tloc      12%        2d5       45%         4
 Ozocubu's Refrigeration  Ice            1%         4d5       100%        7


Dungeon Overview and Level Annotations

Branches:
Dungeon (3/15)

Altars:

Annotations:
D:3 Natasha


Innate Abilities, Weirdness & Mutations

You have sharp claws.
You have razor-sharp teeth.
You have supernaturally acute eyesight. (SInv)
You cover ground quickly. (Speed+)
You are covered in fur. (AC +1)
Your paws help you pounce on unaware monsters.
You are incapable of wielding weapons or throwing items.
You cannot wear armour.
You gain extra lives every three experience levels.


Message History

Natasha is lightly wounded.
Natasha drinks a potion.
Natasha flickers and vanishes for a moment.
You scratch Natasha.
Natasha is moderately wounded.
Natasha claws you but does no damage.
Casting: Magic Dart (safe; 1% risk of failure)
Confirm with . or Enter, or press ? or * to list all spells.
Aiming: Magic Dart (safe; 1% risk of failure)
Press: ? - help, Shift-Dir - straight line, f/p - Natasha
Aim: Natasha (moderately wounded, slightly transparent, 100% to hit)
The magic dart hits Natasha.
Natasha is heavily wounded.
Natasha barely misses you.
Casting: Magic Dart (safe; 1% risk of failure)
Confirm with . or Enter, or press ? or * to list all spells.
You don't know that spell.
Sorry, you're not good enough to have a special ability.
You closely miss Natasha.
Natasha is heavily wounded.
Natasha claws you.
You barely miss Natasha.
Natasha is heavily wounded.
Natasha mumbles some strange words.
Natasha shimmers violently.
Natasha stares at you and mumbles some strange words.
You feel yourself slow down.
You scratch Natasha but do no damage.
Natasha is heavily wounded.
Natasha claws you.
* * * LOW HITPOINT WARNING * * *
Casting: Magic Dart (safe; 1% risk of failure)
Confirm with . or Enter, or press ? or * to list all spells.
Aiming: Magic Dart (safe; 1% risk of failure)
Press: ? - help, Shift-Dir - straight line, f/p - Natasha
Aim: Natasha (heavily wounded, slightly transparent, 100% to hit)
The magic dart hits Natasha.
Natasha is severely wounded.
Natasha barely misses you. Natasha claws you.
You die...

. #.......##.#######.#
##.......##..........
..........##.#(#####. #
####......##.#.# ..
#####.###.#.# .#.
####.###.#.# ....
#........#.# .....
#.†.....##.###...#..
...........##..@h....!.
####.......######...##.
+......... ..#
#.......### ...
#.......# ... ..###+###
.. .


You could see Natasha (invisible).

Vanquished Creatures
  Natasha (D:3)
  2 gnolls (D:2)
  An adder (D:3)
  2 worms (D:2)
  7 dart slugs
  An orc (D:3)
  4 endoplasms
  3 giant cockroaches
  2 goblins
  5 hobgoblins
  3 jackals (D:1)
  5 kobolds
  A quokka (D:1)
  8 ball pythons
  6 bats
  3 frilled lizards
  A rat (D:1)
55 creatures vanquished.

Notes
Turn   | Place    | Note
-------+----------+-------------------------------------------
     0 | D:1      | lonewolfV2 the Felid Conjurer began the quest for the Orb.
     0 | D:1      | Reached XP level 1. HP: 7/7 MP: 4/4
   476 | D:1      | Reached XP level 2. HP: 8/11 MP: 1/6
   477 | D:1      | Reached skill level 4 in Conjurations
  1449 | D:1      | Reached XP level 3. HP: 7/14 MP: 2/7
  2051 | D:1      | Found a faded altar of an unknown god.
  2051 | D:1      | Noticed a chaos spawn
  2701 | D:2      | Reached XP level 4. HP: 18/18 MP: 3/8
  3156 | D:2      | Slain by a gnoll
  3157 | D:2      | Reached XP level 3. HP: -1/14 MP: 0/7
  3476 | D:3      | Noticed Natasha
  3486 | D:3      | Killed Natasha
  3487 | D:3      | Reached skill level 1 in Unarmed Combat
  3487 | D:3      | Reached XP level 4. HP: 4/18 MP: 4/9
  3600 | D:3      | Noticed Natasha
  3608 | D:3      | Slain by Natasha

Illustrated notes

Levels and vault maps discovered:
D:1:      dpeg_arrival_more_subterranean_lakeside_camping, layout_loops_ring,
          dreamdust_ecumenical_altar_sealed_demon, minmay_box_of_dots
D:2:      layout_basic
D:3:      layout_basic, jmf_multi_god_temple2, uniq_natasha

Skill      XL: |  1  2  3 |
---------------+----------+-----
Conjurations   | 4 |  4.7
Dodging        | 3 |  3.3
Stealth        | 3 |  3.4
Unarmed Combat | 1 |  1.0
Spellcasting   | |  2.8

Action                   |  1- 3 |  4- 6 || total
-------------------------+-------+-------++-------
Melee: Unarmed           |    35 |    13 ||    48
       Bite              |     8 |       ||     8
       Punch             |     1 |     1 ||     2
 Cast: Magic Dart        |   105 |    23 ||   128
  Use: Scroll            |     3 |       ||     3
Armor: Skin              |     4 |     1 ||     5
Dodge: Dodged            |    33 |    15 ||    48
